 Dungeon Crawl Stone Soup version 0.18-a0-1078-gebb93d0 (webtiles) character file.

91 tof the Shield-Bearer (level 4, -1/37 HPs)
             Began as a Formicid Fighter on Jan 14, 2016.
             Slain by a gnoll
             ... wielding a +0 flail
              (7 damage)
             ... on level 3 of the Dungeon.
             The game lasted 00:04:26 (2150 turns).

tof the Shield-Bearer (Formicid Fighter)            Turns: 2150, Time: 00:04:26

Health: -1/37      AC:  5    Str: 21    XL:     4   Next: 87%
Magic:  4/4        EV:  9    Int:  7    God:
Gold:   149        SH:  9    Dex: 11    Spells: 0 memorised, 3 levels left

rFire  . . .     SeeInvis +     a - +0 long sword
rCold  . . .     Gourm    .     y - +0 ring mail (curse)
rNeg   . . .     Faith    .     c - +0 shield
rPois  .         Spirit   .     (helmet unavailable)
rElec  .         Dismiss  .     (no cloak)
rCorr  .         Reflect  .     (no gloves)
SustAt .         Harm     .     (no boots)
MR     .....                    (no amulet)
Stlth  +.........               (no ring)
                                h - ring of see invisible

@: not resistant to hostile enchantments, very unstealthy
A: permanent stasis, dig shafts and tunnels, four strong arms, antennae 3
a: Dig, Shaft Self


You were on level 3 of the Dungeon.
You were not hungry.

You visited 1 branch of the dungeon, and saw 3 of its levels.

You collected 149 gold pieces.

Inventory:

Hand Weapons
 a - a +0 long sword (weapon)
 z - a +2 halberd of protection
Armour
 b - a +0 scale mail
 c - a +0 shield (worn)
 y - a cursed +0 ring mail (worn)
Jewellery
 h - a ring of see invisible (left hand)
Wands
 w - a wand of fireball (5/15)
Scrolls
 e - a scroll of noise {unknown}
 g - a scroll of teleportation {unknown}
 i - 3 scrolls of remove curse {unknown}
 j - a scroll of fear {unknown}
 l - a scroll of enchant weapon {unknown}
 n - a scroll of magic mapping {unknown}
 o - 2 scrolls of identify {unknown}
 q - a scroll of amnesia {unknown}
 r - a scroll of fog {unknown}
 t - a scroll of recharging {unknown}
 v - 2 scrolls of immolation {unknown}
Potions
 d - 2 potions of might
 k - a potion of poison {unknown}
 m - 3 potions of curing {unknown}
 s - a potion of magic {unknown}
 u - a potion of flight {unknown}
 x - 2 potions of agility {unknown}
Comestibles
 f - a bread ration
 p - 2 beef jerkies


   Skills:
 + Level 3.9 Fighting
 * Level 3.2 Long Blades
 + Level 3.8 Armour
 + Level 4.3 Shields


You had 3 spell levels left.
You didn't know any spells.

Dungeon Overview and Level Annotations

Branches:
Dungeon (3/15)

Altars:


Innate Abilities, Weirdness & Mutations

You are under a permanent stasis effect.
You can dig through walls and to a lower floor.
Your four strong arms can wield two-handed weapons with a shield.
You have a pair of large antennae on your head (SInv).


Message History

The gnoll hits you with a spear.
* * * LOW HITPOINT WARNING * * *
The gnoll barely misses you. The bat hits you.
* * * LOW HITPOINT WARNING * * *
The gnoll barely misses you. The gnoll hits you.
* * * LOW HITPOINT WARNING * * *
The bat hits you but does no damage. The bat barely misses you.
The bat hits you.
* * * LOW HITPOINT WARNING * * *
The bat closely misses you. You block the gnoll's attack.
The bat hits you but does no damage. The bat barely misses you.
The bat hits you but does no damage.
The gnoll shouts!
The gnoll barely misses you.
You barely miss the gnoll. You block the gnoll's attack.
The gnoll hits you with a flail!
You die...

.. ###### #. #.......#..# #.
#....... #.##.......#..#
#.#####....... #.##..g....#..#
#.#..##...^... #.##..g....#..#
#............ #.####{#####..#
##............ #.# #{g......#
#.........# #.#####÷####.##
....?.....## ######......÷.......
....<......###.g@g.............##
............##.###########.###.#
...........g{#.##....#......##.#
........^...b{.##.##.#[##.#..#.#
............g{.##.##.#.##.#..#.#
................#.#.....#.#..#.#
................#.####..#.#....#
................#.......#.#....##
...............########.#.#...>..


You could see 2 gnolls.

Vanquished Creatures
  3 gnolls (D:3)
  An adder (D:2)
  A worm (D:3)
  A giant gecko (D:1)
  2 giant cockroaches
  3 hobgoblins
  5 jackals (D:1)
  3 kobolds
  2 ball pythons
  5 bats
  4 giant newts
  6 goblins
  16 rats
52 creatures vanquished.

Notes
Turn   | Place    | Note
--------------------------------------------------------------
     0 | D:1      | tof the Formicid Fighter began the quest for the Orb.
     0 | D:1      | Reached XP level 1. HP: 18/18 MP: 1/1
    29 | D:1      | Reached XP level 2. HP: 21/24 MP: 2/2
   344 | D:1      | Reached XP level 3. HP: 29/29 MP: 3/3
   368 | D:1      | Reached skill level 4 in Shields
  1162 | D:2      | Reached XP level 4. HP: 35/35 MP: 4/4
  2150 | D:3      | Slain by a gnoll

Vault maps used:
D:1:      erik_arrival_orb_chamber, moated_statue, solitary_fountain,
          serial_park_tiny_1, corexii_corridor_pit, patterned_corridor
D:3:      grunt_temple_overflow_order_and_chaos_1, serial_glass,
          glass_columns_a, glass_columns_a, first_bread

Action                   |  1- 3 |  4- 6 || total
-------------------------+-------+-------++-------
Melee: Long sword        |   118 |    58 ||   176
  Eat: Chunk             |       |     4 ||     4
